Map: Bone Temple LE

Players

A.I. 5 (Harder)

  • Race: Zerg Zerg
  • Spawn Location: 7:00

A.I. 4 (Very Hard)

  • Race: Zerg Zerg
  • Spawn Location: 6:00

A.I. 3 (Very Hard)

  • Race: Zerg Zerg
  • Spawn Location: 7:00

SlushyStar - Winner!

  • Race: Protoss Protoss
  • Spawn Location: 1:00

Faust - Winner!

  • Race: Terran Terran
  • League: Diamond
  • Spawn Location: 3:00

Throwfordays - Winner!

  • Race: Terran Terran
  • League: Silver
  • Spawn Location: 12:00

VOD

Have the link to the VOD?

Description

Time

  • Played on: Sept. 11, 2020, 12:45 p.m.
  • Length: 23:47
Show
View Real Time Build Order
Export as new Build Order

A.I. 5 (Harder) Zerg 

Build Orders: 1 Base Baneling Bust, Pool First, Muta Ling Bane 

Get SALT Encoding   

  12  0:01  Drone  
  13  0:12  Overlord  
  13  0:18  Drone  
  14  0:30  Drone  
  14  0:31  Drone  
  16  0:44  Spawning Pool  
  16  0:46  Drone  
  16  0:50  Drone  
  16  0:54  Extractor  
  16  0:55  Drone  
  17  1:06  Overlord  
  17  1:31  Zergling x2, Queen  
  20  1:38  Drone  
  20  1:39  Roach Warren  
  20  1:40  Extractor  
  20  1:43  Zergling x2  
  20  1:49  Drone  
  21  2:00  Drone  
  22  2:10  Overlord  
  22  2:21  Drone  
  23  2:32  Roach  
  25  2:39  Drone  
  26  2:44  Roach  
  26  2:45  Overlord  
  28  2:56  Roach  
  30  3:09  Roach  
  30  3:11  Overlord  
  32  3:19  Drone  
  33  3:21  Roach  
  33  3:22  Drone  
  33  3:27  Drone  
  37  3:33  Ravager x4  
  41  3:37  Roach  
  43  3:45  Overlord  
  43  3:50  Roach  
  45  3:58  Drone  
  45  4:02  Roach  
  48  4:03  Drone  
  49  4:13  Baneling Nest  
  49  4:14  Drone x2, Roach  
  52  4:20  Overlord  
  52  4:26  Roach  
  52  4:27  Evolution Chamber  
  53  4:36  Drone  
  54  4:45  Roach  
  56  6:29  Baneling  
  56  6:30  Zerg Melee Weapons Level 1, Overlord  
  56  6:31  Burrow  
  56  6:34  Spore Crawler  
  56  6:36  Spore Crawler  
  56  6:37  Zergling x2, Hatchery, Drone x2  
  56  6:44  Zergling x2  
  57  6:51  Zergling x2  
  58  6:59  Baneling  
  58  7:00  Zergling x2, Baneling  
  59  7:07  Zergling x2  
  59  7:15  Zergling x2, Baneling  
  37  7:43  Lair  
  37  7:46  Metabolic Boost  
  37  7:48  Spine Crawler  
  37  7:49  Drone  
  37  7:50  Drone x3  
  37  7:51  Drone x4  
  42  7:52  Drone x2  
  42  7:54  Extractor  
  42  7:57  Drone x3  
  48  7:59  Extractor, Drone  
  48  8:04  Drone  
  49  8:10  Drone  
  50  8:15  Drone  
  51  8:20  Drone  
  51  8:24  Zerg Ground Armor Level 1  
  51  8:25  Drone  
  53  8:28  Drone  
  53  8:29  Drone x2  
  53  8:31  Drone  
  57  8:38  Drone  
  58  8:41  Centrifical Hooks  
  58  8:42  Drone  
  58  8:44  Spire  
  58  8:48  Drone  
  58  8:53  Drone  
  60  8:59  Overlord  
  60  9:03  Spine Crawler  
  60  9:04  Drone  
  60  9:10  Spore Crawler  
  60  9:11  Drone  
  60  9:14  Spore Crawler  
  60  9:15  Drone  
  60  9:18  Drone, Infestation Pit  
  60  9:31  Queen  
  62  9:41  Spine Crawler  
  62  9:44  Queen, Overseer  
  63  9:45  Overlord  
  63  9:47  Spine Crawler  
  63  9:51  Overseer  
  62  9:55  Mutalisk  
  62  9:58  Evolution Chamber  
  63  10:00  Hydralisk Den  
  63  10:01  Drone  
  63  10:03  Mutalisk  
  65  10:08  Hive  
  65  10:10  Mutalisk  
  67  10:17  Mutalisk  
  67  10:19  Zerg Missile Weapons Level 1  
  69  10:24  Mutalisk  
  71  10:31  Mutalisk  
  73  10:39  Mutalisk  
  75  10:46  Mutalisk  
  77  10:59  Roach  
  77  11:00  Overlord  
  77  11:01  Overseer  
  77  11:02  Hydralisk, Pneumatized Carapace  
  81  11:08  Roach  
  78  11:12  Roach  
  78  11:15  Hatchery  
  78  11:17  Roach  
  64  11:20  Hydralisk  
  64  11:22  Viper  
  64  11:25  Hydralisk  
  71  11:29  Infestor  
  71  11:30  Overlord  
  73  11:34  Roach  
  73  11:39  Roach  
  77  11:43  Roach  
  79  11:47  Zergling x2  
  79  11:52  Roach  
  82  11:56  Roach  
  82  12:00  Zerg Melee Weapons Level 2  
  82  12:01  Roach  
  86  12:05  Hydralisk  
  88  12:10  Roach  
  88  12:14  Roach  
  92  12:18  Hydralisk  
  92  12:21  Zerg Ground Armor Level 2  
  92  12:22  Hydralisk  
  94  12:27  Hydralisk  
  94  12:28  Drone  
  94  12:29  Drone x2  
  101  12:30  Drone x3  
  101  12:31  Drone, Infestor  
  101  12:32  Drone, Overlord  
  101  12:33  Drone x3  
  101  12:34  Drone  
  112  12:38  Drone  
  112  12:39  Drone  
  115  12:44  Drone  
  115  12:45  Drone  
  115  12:48  Extractor  
  115  12:49  Pathogen Glands  
  115  12:50  Drone, Overlord  
  116  12:54  Spore Crawler  
  116  12:56  Drone  
  116  12:57  Spore Crawler, Extractor  
  116  12:58  Drone x2, Glial Reconstitution  
  116  13:07  Queen  
  116  13:08  Zerg Flyer Weapons Level 1  
  118  13:25  Drone, Spine Crawler  
  118  13:29  Spine Crawler  
  118  13:31  Drone  
  118  13:37  Drone, Ultralisk Cavern  
  118  14:15  Zerg Missile Weapons Level 2  
  118  14:33  Swarm Host  
  118  14:36  Roach, Overlord  
  118  14:37  Zerg Melee Weapons Level 3  
  123  14:38  Roach  
  123  14:41  Roach  
  123  14:43  Roach  
  123  14:45  Hydralisk  
  131  14:47  Infestor  
  131  14:49  Swarm Host  
  131  14:52  Zergling x2  
  132  14:54  Hydralisk  
  132  14:58  Hatchery, Roach  
  90  15:00  Overlord, Roach  
  90  15:01  Overseer  
  90  15:03  Zerg Flyer Armor Level 1, Roach  
  90  15:04  Overseer  
  90  15:05  Roach  
  96  15:07  Roach  
  98  15:15  Overseer  
  98  15:19  Hydralisk  
  98  15:20  Overlord  
  100  15:23  Roach  
  100  15:25  Roach  
  100  15:27  Hydralisk  
  105  15:31  Roach  
  106  15:38  Roach, Overlord  
  106  15:40  Roach  
  110  15:43  Roach  
  110  15:45  Roach  
  114  15:56  Overlord  
  114  15:57  Hydralisk  
  114  15:59  Hydralisk  
  114  16:01  Hydralisk  
  120  16:04  Hydralisk  
  120  16:05  Drone  
  120  16:06  Infestor  
  121  16:15  Drone, Overlord  
  121  16:16  Lair, Drone  
  121  16:17  Queen, Drone  
  122  16:18  Drone  
  122  16:19  Drone  
  122  16:20  Overseer, Drone  
  122  16:21  Drone  
  122  16:22  Drone  
  122  16:23  Drone x2  
  122  16:24  Drone  
  122  16:25  Drone  
  123  16:26  Drone, Roach  
  123  16:28  Infestor  
  123  16:32  Zerg Ground Armor Level 3  
  128  16:34  Drone, Overlord  
  128  16:37  Tunneling Claws  
  128  16:39  Spore Crawler  
  128  16:40  Hatchery  
  128  16:41  Drone  
  128  16:42  Extractor  
  128  16:43  Drone  
  128  16:44  Drone  
  128  16:46  Spore Crawler  
  128  16:48  Drone  
  128  16:52  Spore Crawler  
  128  16:53  Overlord  
  128  16:54  Drone  
  129  17:02  Zerg Flyer Weapons Level 2  
  129  17:14  Overlord  
  129  17:21  Overseer  
  129  17:22  Spore Crawler  
  128  17:23  Drone  
  128  17:24  Extractor  
  128  17:26  Drone  
  128  17:27  Spine Crawler  
  129  17:30  Drone  
  129  17:32  Queen  
  129  17:35  Spine Crawler  
  130  17:37  Drone  
  130  17:42  Zergling x4, Mutalisk  
  130  17:43  Zergling x2  
  136  17:44  Zergling x2, Overlord  
  136  17:47  Spine Crawler  
  58  18:23  Roach  
  57  18:28  Roach, Hydralisk  
  57  18:31  Roach  
  51  18:36  Hydralisk  
  51  18:41  Roach  
  52  18:47  Hydralisk  
  46  19:11  Hydralisk x2  
  46  19:15  Roach  
  50  19:20  Hydralisk  
  50  19:25  Zergling x2  
  50  19:28  Zergling x2  
  44  19:33  Drone  
  44  19:35  Zergling x2  
  41  19:41  Queen, Zergling x2  
  41  19:42  Zergling x2  
  41  19:43  Roach  
  26  20:24  Drone  
  26  20:26  Drone x2  
  20  20:41  Drone x2  
  11  20:53  Drone  
  11  20:55  Drone  
  7  21:00  Hatchery  
  7  21:01  Drone  
  6  21:08  Drone  
  5  21:12  Drone  
Show
View Real Time Build Order
Export as new Build Order

A.I. 4 (Very Hard) Zerg 

Build Orders: Pool First, Swarm Host 

Get SALT Encoding   

  12  0:01  Drone  
  13  0:12  Overlord  
  13  0:18  Drone  
  14  0:31  Drone x2  
  14  0:34  Drone  
  17  0:48  Spawning Pool  
  17  0:49  Drone  
  17  1:13  Hatchery  
  17  1:14  Drone  
  17  1:16  Extractor  
  16  1:19  Drone  
  16  1:22  Extractor  
  16  1:25  Drone  
  17  1:30  Drone  
  18  1:38  Drone  
  19  1:49  Overlord  
  19  1:57  Queen  
  21  2:02  Zergling x2  
  22  2:11  Drone  
  23  2:24  Queen  
  23  2:27  Drone  
  26  2:35  Drone  
  27  2:39  Drone  
  27  2:43  Drone  
  29  2:58  Roach Warren  
  29  3:00  Zergling x2  
  29  3:02  Drone  
  29  3:07  Drone  
  29  3:10  Drone  
  30  3:15  Zergling x2  
  30  3:19  Drone  
  31  3:22  Zergling x2  
  32  3:28  Overlord  
  32  3:31  Drone  
  33  3:35  Drone  
  34  3:46  Roach x2  
  34  3:47  Roach  
  40  3:52  Roach  
  42  4:00  Lair  
  42  4:04  Overlord  
  42  4:09  Overlord  
  42  4:11  Zergling x2  
  43  4:20  Zergling x2  
  43  4:22  Zergling x2, Drone x2  
  47  4:25  Drone  
  47  4:29  Drone  
  45  4:34  Drone  
  45  4:38  Drone  
  47  4:41  Drone  
  47  4:44  Drone  
  49  4:47  Drone  
  49  4:51  Overlord  
  50  4:56  Roach  
  52  5:00  Roach  
  54  5:07  Hydralisk Den  
  54  5:11  Drone  
  54  5:12  Drone  
  55  5:15  Drone  
  55  5:16  Drone  
  55  5:19  Drone  
  59  5:21  Drone  
  59  5:25  Overlord  
  59  5:27  Drone  
  60  5:29  Drone  
  60  5:32  Drone  
  60  5:33  Drone  
  60  5:35  Drone  
  64  5:36  Hydralisk  
  64  5:37  Drone  
  64  5:42  Hydralisk  
  67  5:43  Drone  
  67  5:45  Overlord  
  67  5:48  Hydralisk  
  72  5:53  Drone  
  72  5:54  Roach  
  72  5:55  Drone  
  76  6:03  Drone  
  76  6:04  Overlord  
  77  6:06  Infestation Pit  
  77  6:08  Roach  
  77  6:09  Drone  
  79  6:12  Roach  
  79  6:17  Metabolic Boost  
  81  6:23  Evolution Chamber, Overlord  
  81  6:25  Drone  
  81  6:29  Spire  
  80  6:35  Drone  
  80  6:36  Ravager  
  80  6:38  Roach  
  84  6:44  Infestor  
  84  6:46  Extractor  
  85  6:47  Extractor  
  85  6:51  Zerg Melee Weapons Level 1  
  84  6:54  Evolution Chamber  
  84  6:55  Drone  
  84  7:00  Evolution Chamber  
  84  7:01  Drone  
  84  7:06  Infestor, Spine Crawler, Drone  
  86  7:09  Spine Crawler  
  86  7:10  Drone  
  86  7:11  Drone, Overlord  
  86  7:12  Drone x2  
  86  7:13  Drone x2  
  86  7:14  Overseer, Drone  
  92  7:21  Ravager  
  93  7:23  Roach  
  93  7:27  Baneling Nest  
  93  7:29  Drone, Overlord  
  95  7:40  Zerg Missile Weapons Level 1  
  95  7:41  Mutalisk  
  97  7:48  Mutalisk  
  97  7:49  Spore Crawler  
  97  7:50  Drone  
  99  7:54  Spore Crawler  
  99  7:55  Drone  
  99  7:58  Mutalisk  
  101  8:07  Mutalisk  
  101  8:08  Overlord  
  101  8:12  Zergling x2, Baneling  
  104  8:18  Hatchery  
  103  8:24  Mutalisk  
  105  8:34  Mutalisk  
  105  8:37  Zergling x2  
  105  8:38  Zergling x2  
  105  8:39  Zergling x2  
  105  8:40  Zergling x2, Baneling x2  
  105  8:45  Zergling x2  
  105  8:47  Zergling x2  
  105  8:48  Mutalisk  
  103  8:52  Hydralisk  
  103  8:54  Zergling x4  
  103  8:55  Zergling x2  
  103  8:56  Hydralisk  
  103  8:57  Zergling x2  
  103  9:00  Roach  
  103  9:02  Roach  
  82  9:03  Baneling x2  
  82  9:04  Zergling x2, Roach  
  82  9:05  Zergling x2, Baneling  
  82  9:07  Roach  
  82  9:09  Roach  
  87  9:13  Hydralisk  
  85  9:19  Zergling x2, Overseer  
  85  9:20  Zergling x2  
  85  9:21  Roach  
  85  9:22  Roach  
  87  9:31  Drone x2  
  88  9:32  Drone x2  
  88  9:33  Drone x2  
  93  9:40  Drone  
  93  9:41  Drone x2  
  93  9:42  Baneling  
  93  9:45  Baneling  
  95  9:47  Baneling  
  95  9:49  Extractor, Baneling  
  95  9:51  Baneling, Drone  
  95  9:52  Drone x2  
  97  9:54  Baneling  
  97  9:55  Extractor  
  97  9:56  Zergling x4  
  97  9:57  Zergling x2, Baneling  
  97  9:59  Baneling  
  99  10:00  Baneling  
  99  10:02  Zergling x2  
  99  10:03  Zergling x2, Baneling, Roach  
  103  10:08  Baneling  
  103  10:10  Baneling  
  103  10:12  Baneling  
  103  10:13  Zergling x2, Overlord, Roach  
  106  10:15  Baneling  
  106  10:17  Baneling  
  106  10:23  Drone, Mutalisk  
  106  10:24  Infestor, Drone  
  106  10:25  Zergling x4, Drone  
  106  10:26  Drone  
  116  10:34  Overlord  
  117  10:35  Drone  
  117  10:36  Drone  
  118  10:45  Drone  
  118  10:46  Drone  
  118  10:47  Drone  
  121  10:53  Ravager, Drone  
  121  10:54  Drone, Overlord  
  121  10:55  Queen, Infestor, Mutalisk  
  121  10:56  Ravager, Mutalisk  
  135  10:57  Roach  
  135  10:58  Drone  
  136  11:12  Overlord, Roach, Mutalisk  
  136  11:13  Mutalisk  
  136  11:17  Zergling x2  
  136  11:19  Zergling x2  
  136  11:20  Zergling x2  
  136  11:22  Zergling x4  
  136  11:23  Zergling x2  
  124  11:29  Roach  
  124  11:30  Zergling x4  
  124  11:31  Roach  
  118  11:33  Roach  
  118  11:34  Zergling x2  
  118  11:38  Hydralisk  
  109  11:40  Baneling  
  109  11:41  Baneling x2, Overseer  
  109  11:42  Hydralisk  
  109  11:43  Hydralisk  
  109  11:44  Baneling  
  109  11:45  Baneling x3  
  109  11:46  Baneling x3  
  113  11:47  Baneling  
  113  11:48  Baneling  
  113  11:50  Zergling x4  
  113  11:51  Zergling x4  
  113  11:52  Baneling x2  
  113  11:53  Zergling x2, Baneling  
  119  11:54  Zergling x2  
  119  11:55  Baneling  
  119  12:00  Zergling x4, Roach  
  119  12:01  Roach  
  125  12:05  Zergling x2  
  125  12:07  Roach  
  128  12:09  Baneling x2  
  128  12:11  Baneling, Swarm Host  
  128  12:12  Baneling  
  128  12:15  Overlord  
  131  12:17  Swarm Host  
  131  12:19  Zergling x2, Swarm Host  
  131  12:20  Zergling x2  
  131  12:21  Swarm Host  
  142  12:27  Mutalisk  
  144  12:33  Mutalisk  
  144  12:34  Overlord  
  146  12:39  Mutalisk  
  148  12:44  Mutalisk  
  148  12:49  Spine Crawler  
  148  12:50  Mutalisk  
  151  12:53  Overlord  
  151  12:54  Spine Crawler  
  151  12:57  Mutalisk  
  152  13:04  Mutalisk  
  154  13:06  Hatchery  
  154  13:10  Mutalisk  
  155  13:13  Overlord  
  155  13:16  Mutalisk  
  157  13:22  Mutalisk  
  159  13:28  Mutalisk  
  159  13:32  Overseer, Overlord  
  161  13:35  Overseer  
  161  13:38  Spore Crawler  
  160  13:42  Swarm Host  
  160  13:43  Spore Crawler  
  160  13:46  Spine Crawler  
  161  13:48  Pneumatized Carapace  
  161  13:49  Spore Crawler  
  161  13:53  Swarm Host  
  161  13:55  Spine Crawler  
  162  13:57  Hydralisk  
  162  13:58  Overlord  
  164  14:06  Centrifical Hooks  
  164  14:16  Zerg Ground Armor Level 1  
  164  14:17  Spore Crawler  
  164  14:20  Queen, Drone x2  
  164  14:21  Drone, Swarm Host  
  164  14:22  Drone  
  164  14:24  Drone x2  
  173  14:25  Drone  
  173  14:26  Drone  
  173  14:27  Extractor, Drone x2  
  173  14:29  Drone x2, Mutalisk  
  173  14:31  Drone  
  182  14:32  Extractor, Drone  
  182  14:33  Drone  
  182  14:34  Drone, Mutalisk  
  182  14:36  Zergling x2  
  182  14:37  Zergling x2  
  183  14:38  Zergling x2  
  183  14:40  Zergling x2  
  183  14:41  Zergling x2  
  183  14:42  Zergling x2  
  183  14:43  Zergling x2  
  183  14:44  Zergling x2  
  183  14:45  Zergling x2  
  175  14:46  Zergling x2  
  175  14:49  Mutalisk  
  175  14:50  Hydralisk  
  175  14:51  Roach  
  175  14:52  Roach  
  126  14:53  Roach  
  126  14:54  Roach  
  126  14:56  Roach  
  126  14:58  Roach  
  130  15:00  Hydralisk  
  130  15:03  Baneling  
  130  15:04  Zergling x2  
  130  15:05  Baneling  
  133  15:09  Mutalisk  
  133  15:11  Baneling  
  133  15:12  Zergling x2, Baneling  
  133  15:13  Baneling x2  
  137  15:14  Zergling x2  
  137  15:15  Baneling x2  
  137  15:16  Zergling x2, Baneling  
  137  15:17  Zergling x2  
  137  15:18  Baneling x2  
  137  15:19  Zergling x2  
  137  15:20  Baneling x2  
  137  15:21  Zergling x2  
  141  15:22  Baneling  
  141  15:23  Zergling x2  
  141  15:24  Zergling x2  
  141  15:27  Zergling x2  
  133  15:28  Mutalisk  
  133  15:30  Zergling x2  
  133  15:34  Roach  
  133  15:35  Roach, Swarm Host  
  126  15:36  Baneling  
  126  15:37  Zergling x2  
  126  15:38  Baneling  
  126  15:41  Baneling x2  
  126  15:42  Zergling x2, Baneling  
  130  15:43  Zergling x2, Baneling  
  130  15:44  Baneling  
  130  15:45  Zergling x2  
  130  15:46  Baneling x2  
  130  15:47  Zergling x2, Baneling  
  130  15:48  Zergling x2, Baneling  
  130  15:49  Baneling x2  
  134  15:50  Zergling x2, Mutalisk  
  134  15:55  Mutalisk  
  139  15:59  Mutalisk  
  141  16:04  Mutalisk  
  141  16:08  Mutalisk  
  145  16:14  Mutalisk  
  147  16:28  Hive  
  147  16:48  Spine Crawler  
  147  16:52  Spine Crawler  
  145  16:54  Mutalisk  
  145  16:57  Spore Crawler  
  145  17:01  Mutalisk  
  146  17:02  Spine Crawler  
  146  17:06  Spine Crawler, Mutalisk  
  148  17:10  Spore Crawler  
  148  17:13  Mutalisk  
  149  17:15  Spine Crawler  
  149  17:19  Mutalisk  
  150  17:25  Mutalisk  
  152  17:32  Mutalisk  
  154  17:38  Mutalisk  
  154  17:40  Overlord  
  156  17:44  Mutalisk  
  156  17:51  Mutalisk  
  158  17:56  Mutalisk  
  162  17:59  Ultralisk Cavern  
  162  18:00  Overlord  
  162  18:03  Overseer  
  162  18:04  Overseer  
  161  18:06  Spore Crawler  
  161  18:07  Overseer  
  161  18:08  Baneling  
  160  18:13  Spore Crawler  
  160  18:14  Mutalisk  
  160  18:19  Spore Crawler  
  160  18:20  Corruptor  
  160  18:25  Spore Crawler  
  160  18:26  Corruptor  
  161  18:29  Overlord  
  161  18:31  Spore Crawler  
  161  18:34  Corruptor  
  162  18:36  Zergling x2  
  162  18:37  Spine Crawler, Hydralisk  
  162  18:40  Roach  
  162  18:41  Hatchery, Hydralisk  
  148  18:47  Ultralisk  
  129  18:49  Zergling x2  
  129  18:50  Roach  
  129  18:51  Zergling x4  
  129  18:53  Zergling x2  
  126  18:56  Ultralisk  
  132  19:10  Ultralisk  
  132  19:16  Mutalisk  
  137  19:22  Hydralisk  
  137  19:24  Zergling x2  
  135  19:27  Corruptor  
  135  19:30  Hydralisk  
  125  19:33  Hydralisk  
  127  19:40  Corruptor  
  127  19:45  Zergling x2  
  123  19:46  Zergling x2  
  123  19:47  Overseer  
  123  19:53  Greater Spire  
  123  19:54  Drone  
  123  19:55  Zergling x2, Drone  
  123  19:56  Drone x2  
  123  19:57  Drone  
  123  19:58  Drone  
  123  20:00  Drone  
  123  20:01  Drone  
  123  20:02  Drone  
  123  20:03  Drone  
  123  20:04  Drone  
  123  20:06  Baneling x2  
  128  20:07  Zergling x2  
  128  20:08  Baneling  
  128  20:09  Extractor  
  128  20:12  Drone  
  128  20:15  Extractor, Overseer  
  128  20:16  Baneling, Drone  
  128  20:17  Zergling x2  
  128  20:18  Baneling  
  128  20:19  Zergling x2  
  126  20:21  Roach  
  126  20:23  Zergling x4  
  126  20:25  Zergling x2  
  126  20:26  Baneling  
  126  20:28  Zergling x2  
  128  20:31  Overseer, Drone  
  128  20:34  Drone  
  128  20:35  Drone  
  122  20:36  Zergling x2  
  122  20:37  Zergling x2  
  122  20:38  Zergling x2  
  122  20:39  Drone  
  122  20:40  Drone, Roach  
  122  20:42  Roach x2  
  118  20:44  Roach  
  118  20:45  Overlord  
  118  20:46  Roach, Hydralisk  
  118  20:47  Drone, Hydralisk  
  118  20:48  Drone  
  114  20:50  Zergling x4  
  114  20:51  Zergling x2, Hydralisk  
  114  20:52  Zergling x2  
  114  20:54  Overseer  
  114  20:55  Overlord  
  106  21:03  Corruptor  
  108  21:04  Corruptor  
  108  21:06  Zergling x2, Roach  
  108  21:13  Overlord  
  108  21:14  Zergling x2, Mutalisk  
  108  21:15  Mutalisk  
  108  21:16  Overseer  
  114  21:23  Spire  
  114  21:24  Overlord  
  108  21:31  Roach  
  108  21:32  Hydralisk  
  99  21:33  Zergling x2  
  99  21:34  Roach x2, Hydralisk  
  99  21:35  Overseer, Roach  
  99  21:38  Overlord  
  92  21:46  Roach Warren  
  89  21:49  Zergling x2  
  89  21:50  Hydralisk  
  89  21:51  Baneling  
  89  21:52  Lair, Baneling, Overlord  
  84  21:57  Overlord  
  84  22:02  Overlord x2  
  84  22:05  Overlord  
  79  22:20  Overlord  
  79  22:21  Roach Warren  
  76  22:27  Zergling x2  
  72  22:30  Overlord  
  72  22:33  Zergling x2  
  62  22:37  Spine Crawler  
  62  22:40  Spine Crawler  
  60  22:48  Overlord  
  60  22:51  Overlord x2  
  57  22:54  Overlord  
  57  22:55  Overseer  
  57  22:56  Roach Warren  
  46  23:09  Drone  
  47  23:14  Overseer, Overlord x2  
  47  23:15  Overlord  
Show
View Real Time Build Order
Export as new Build Order

A.I. 3 (Very Hard) Zerg 

Build Orders: Pool First 

Get SALT Encoding   

  12  0:01  Drone  
  13  0:12  Overlord  
  13  0:17  Drone  
  14  0:30  Drone x2  
  16  0:42  Spawning Pool  
  16  0:45  Drone  
  17  0:50  Drone  
  17  1:14  Hatchery  
  17  1:15  Drone  
  17  1:18  Extractor  
  17  1:20  Extractor  
  17  1:22  Drone  
  16  1:27  Drone  
  16  1:31  Drone  
  18  1:38  Drone  
  19  1:48  Overlord  
  19  1:59  Queen  
  21  2:04  Zergling x2  
  22  2:10  Drone  
  23  2:26  Queen  
  23  2:29  Drone  
  26  2:36  Drone  
  27  2:40  Drone  
  28  2:45  Drone  
  28  2:50  Drone  
  29  3:02  Roach Warren  
  29  3:04  Drone  
  29  3:07  Drone  
  29  3:11  Zergling x2  
  31  3:14  Zergling x2  
  32  3:21  Overlord  
  32  3:23  Drone  
  33  3:28  Drone  
  33  3:30  Drone  
  34  3:43  Roach x2  
  34  3:44  Roach  
  40  3:49  Roach  
  42  3:57  Lair  
  42  4:03  Overlord  
  42  4:08  Overlord  
  42  4:12  Zergling x2  
  42  4:15  Zergling x2  
  44  4:21  Zergling x2, Drone  
  44  4:22  Drone  
  47  4:25  Drone  
  47  4:27  Drone  
  47  4:31  Drone  
  50  4:34  Roach  
  50  4:36  Zergling x2  
  52  4:40  Roach  
  52  4:44  Overlord  
  54  4:52  Drone  
  55  4:54  Drone  
  55  4:56  Drone  
  55  4:59  Drone, Infestation Pit  
  57  5:01  Drone  
  58  5:07  Hydralisk Den  
  58  5:12  Drone  
  58  5:14  Drone  
  58  5:18  Overlord  
  58  5:20  Drone  
  60  5:21  Drone  
  60  5:23  Drone  
  60  5:26  Drone  
  60  5:27  Drone  
  64  5:29  Drone  
  65  5:36  Ravager, Drone, Roach  
  65  5:37  Overlord, Hydralisk  
  65  5:40  Hydralisk  
  73  5:44  Hydralisk  
  75  5:55  Hydralisk  
  75  5:56  Drone x2, Overlord  
  75  5:57  Roach  
  81  5:58  Drone  
  82  6:14  Overlord, Hydralisk  
  82  6:15  Ravager, Roach, Hydralisk  
  82  6:16  Roach  
  91  6:25  Metabolic Boost  
  91  6:30  Extractor  
  91  6:32  Extractor, Roach, Overlord, Hydralisk x2  
  92  6:33  Infestor  
  97  6:50  Drone, Evolution Chamber  
  97  6:51  Infestor, Overlord  
  97  6:53  Drone x2  
  101  6:54  Drone  
  101  6:56  Drone x2, Roach  
  106  7:02  Drone  
  107  7:09  Evolution Chamber  
  107  7:10  Overseer, Overlord  
  107  7:12  Drone  
  107  7:15  Zerg Melee Weapons Level 1, Roach  
  109  7:17  Evolution Chamber  
  109  7:18  Drone  
  109  7:25  Spine Crawler  
  109  7:26  Drone  
  109  7:29  Baneling Nest  
  108  7:30  Drone  
  108  7:33  Spine Crawler  
  108  7:35  Zerg Missile Weapons Level 1  
  108  7:44  Zerg Ground Armor Level 1  
  108  7:46  Roach, Overlord  
  108  7:50  Hydralisk  
  112  7:55  Hydralisk  
  112  7:58  Hatchery  
  113  8:00  Hydralisk  
  113  8:03  Hydralisk  
  117  8:06  Overlord  
  117  8:12  Baneling x2  
  117  8:13  Spore Crawler, Zergling x2, Baneling x2  
  117  8:14  Zergling x2, Baneling  
  117  8:16  Zergling x2, Baneling  
  117  8:19  Baneling  
  119  8:21  Zergling x2, Baneling  
  119  8:22  Spore Crawler  
  119  8:23  Baneling, Drone  
  119  8:25  Baneling  
  119  8:26  Zergling x2  
  121  8:28  Baneling  
  121  8:30  Zergling x2, Baneling  
  121  8:32  Baneling  
  122  8:35  Zergling x2, Baneling  
  122  8:37  Baneling  
  122  8:40  Zergling x2, Baneling, Overlord  
  124  8:41  Baneling  
  124  8:44  Zergling x2, Baneling  
  124  8:47  Zergling x4, Baneling  
  128  8:48  Zergling x2  
  128  8:49  Zergling x2, Baneling  
  129  8:58  Zergling x2  
  129  9:01  Overlord  
  130  9:08  Spire  
  129  9:11  Drone  
  129  9:12  Drone x2  
  129  9:13  Drone  
  129  9:14  Drone x2  
  129  9:15  Drone  
  129  9:16  Drone  
  137  9:17  Drone  
  137  9:21  Drone  
  137  9:22  Drone  
  137  9:23  Drone  
  141  9:26  Extractor  
  141  9:27  Drone  
  141  9:30  Overlord  
  141  9:32  Drone  
  141  9:33  Drone  
  141  9:35  Drone  
  141  9:36  Drone  
  141  9:38  Drone  
  146  9:39  Drone  
  146  9:42  Zergling x2  
  146  9:44  Centrifical Hooks  
  147  9:49  Drone  
  147  9:50  Lurker Den  
  147  9:52  Drone  
  143  9:53  Drone  
  143  9:54  Drone  
  143  9:55  Zergling x2  
  143  9:57  Zergling x2  
  143  9:58  Zergling x2  
  143  9:59  Zergling x2  
  117  10:01  Roach  
  117  10:03  Roach  
  117  10:05  Roach  
  117  10:06  Roach  
  105  10:09  Roach  
  105  10:12  Hydralisk  
  105  10:13  Hydralisk  
  93  10:18  Hydralisk  
  93  10:23  Hydralisk  
  93  10:25  Roach, Hydralisk  
  93  10:26  Hydralisk  
  93  10:27  Zergling x2  
  102  10:30  Baneling, Roach  
  102  10:31  Zergling x2  
  102  10:32  Zergling x2  
  106  10:36  Roach  
  106  10:37  Zergling x2  
  106  10:41  Zergling x2  
  110  10:46  Mutalisk  
  110  10:48  Baneling x2  
  110  10:49  Zergling x2, Baneling  
  113  10:50  Extractor, Baneling x2  
  113  10:51  Baneling  
  113  10:52  Zergling x2, Baneling x2  
  113  10:53  Baneling, Lurker  
  113  10:56  Hydralisk  
  114  10:57  Zergling x2  
  114  10:58  Zergling x2, Baneling  
  114  10:59  Zergling x2, Baneling  
  114  11:00  Zergling x2  
  114  11:01  Baneling  
  114  11:03  Baneling  
  121  11:04  Zergling x2  
  121  11:05  Baneling  
  121  11:06  Baneling  
  121  11:07  Zergling x2  
  121  11:09  Baneling  
  121  11:11  Zergling x2, Baneling  
  123  11:12  Baneling  
  123  11:14  Zergling x2, Baneling  
  124  11:20  Mutalisk  
  126  11:26  Mutalisk  
  126  11:29  Queen  
  126  11:30  Spine Crawler  
  126  11:32  Spine Crawler, Mutalisk  
  129  11:39  Mutalisk  
  130  11:45  Mutalisk  
  134  11:51  Mutalisk  
  136  11:57  Mutalisk  
  138  12:03  Mutalisk  
  140  12:10  Mutalisk  
  140  12:13  Spore Crawler  
  141  12:18  Spore Crawler  
  141  12:20  Infestor  
  142  12:24  Spine Crawler  
  142  12:28  Infestor  
  143  12:32  Spore Crawler  
  143  12:35  Mutalisk  
  144  12:40  Hatchery  
  144  12:41  Mutalisk  
  145  12:44  Spine Crawler  
  145  12:47  Mutalisk  
  145  12:50  Spore Crawler  
  145  12:53  Mutalisk  
  147  12:59  Mutalisk  
  147  13:05  Ravager, Overlord  
  150  13:06  Roach  
  150  13:07  Hatchery  
  150  13:11  Ravager  
  152  13:13  Roach  
  152  13:15  Hydralisk  
  152  13:18  Hydralisk  
  158  13:23  Overlord  
  158  13:25  Spine Crawler  
  157  13:27  Drone, Infestor  
  160  13:37  Infestor  
  160  13:40  Overseer  
  162  13:43  Overseer  
  162  13:52  Queen, Pneumatized Carapace  
  162  13:54  Roach  
  168  13:55  Roach  
  168  13:56  Spine Crawler  
  168  13:57  Roach  
  168  13:58  Overlord  
  168  13:59  Roach  
  168  14:01  Spore Crawler  
  168  14:02  Drone, Hydralisk  
  171  14:05  Spine Crawler, Hydralisk  
  171  14:07  Drone  
  171  14:09  Spore Crawler  
  174  14:11  Drone  
  174  14:13  Lurker  
  174  14:16  Hydralisk  
  176  14:21  Drone  
  176  14:22  Queen, Drone  
  176  14:23  Drone  
  183  14:24  Drone  
  183  14:25  Drone  
  183  14:26  Drone  
  183  14:27  Drone  
  183  14:29  Drone  
  183  14:30  Drone x2  
  190  14:32  Drone  
  190  14:33  Drone  
  190  14:35  Drone  
  190  14:36  Drone  
  190  14:37  Drone  
  195  14:40  Drone, Mutalisk  
  195  14:41  Drone  
  199  14:47  Extractor, Drone  
  199  14:51  Extractor  
  199  14:52  Drone  
  199  15:04  Drone  
  199  15:05  Zergling x2  
  199  15:08  Zergling x4  
  199  15:10  Zergling x2  
  199  15:11  Drone  
  199  15:13  Zergling x2  
  191  15:17  Zergling x2  
  191  15:18  Zergling x2  
  191  15:20  Zergling x2  
  191  15:21  Zergling x2  
  183  15:24  Zergling x2  
  183  15:26  Mutalisk  
  183  15:27  Drone, Mutalisk  
  183  15:28  Mutalisk  
  179  15:29  Mutalisk  
  179  15:30  Mutalisk  
  179  15:31  Mutalisk x2  
  179  15:32  Mutalisk  
  179  15:33  Mutalisk  
  179  15:34  Mutalisk x2  
  195  15:35  Corruptor  
  195  15:37  Baneling  
  195  15:38  Zergling x2, Baneling  
  195  15:39  Baneling  
  195  15:40  Zergling x2  
  195  15:41  Baneling  
  195  15:44  Mutalisk  
  195  15:49  Mutalisk  
  175  15:52  Hydralisk  
  175  15:54  Hydralisk  
  175  15:56  Roach  
  175  15:57  Roach  
  137  15:58  Roach  
  137  15:59  Roach  
  137  16:00  Baneling  
  137  16:01  Zergling x2, Baneling  
  137  16:02  Baneling, Overseer  
  137  16:03  Zergling x2  
  143  16:09  Infestor  
  145  16:11  Roach  
  145  16:13  Roach  
  145  16:14  Roach  
  145  16:16  Roach  
  151  16:24  Infestor  
  149  16:26  Baneling  
  149  16:32  Baneling  
  149  16:33  Baneling  
  149  16:34  Zergling x2  
  149  16:35  Zergling x2, Baneling  
  149  16:36  Baneling  
  149  16:37  Baneling  
  149  16:38  Zergling x2, Spine Crawler  
  149  16:39  Baneling x2  
  151  16:40  Zergling x2  
  151  16:41  Baneling  
  151  16:42  Baneling  
  151  16:43  Zergling x2  
  151  16:44  Baneling x2  
  151  16:45  Zergling x2, Spine Crawler, Overlord  
  151  16:46  Baneling  
  153  16:53  Spine Crawler  
  152  16:59  Hive  
  152  17:11  Queen, Spine Crawler  
  153  17:18  Overlord  
  153  17:24  Overseer  
  153  17:30  Mutalisk  
  153  17:36  Mutalisk  
  157  17:37  Overlord  
  157  17:42  Mutalisk  
  157  17:43  Spore Crawler  
  158  17:49  Mutalisk  
  160  17:58  Mutalisk  
  162  18:00  Overlord  
  162  18:01  Zergling x2  
  162  18:02  Overseer  
  162  18:03  Zergling x2  
  162  18:04  Zergling x2  
  150  18:05  Zergling x2  
  150  18:06  Zergling x2  
  150  18:07  Zergling x2, Hydralisk  
  150  18:09  Zergling x2  
  150  18:11  Zergling x2, Roach  
  122  18:13  Zergling x4, Hydralisk  
  122  18:14  Ultralisk Cavern  
  122  18:16  Roach  
  122  18:18  Roach  
  122  18:19  Drone x2  
  91  18:21  Drone, Roach  
  91  18:22  Drone  
  91  18:24  Hydralisk x2  
  91  18:25  Drone  
  91  18:26  Drone  
  94  18:27  Drone  
  94  18:28  Infestor  
  94  18:29  Roach  
  94  18:30  Roach  
  94  18:33  Roach  
  100  18:36  Roach  
  101  18:43  Drone x2  
  101  18:46  Drone  
  100  18:49  Drone  
  100  18:50  Infestor  
  100  18:55  Baneling  
  103  18:56  Zergling x2  
  103  18:58  Zergling x2, Baneling x2  
  94  19:24  Ultralisk  
  94  19:30  Hydralisk  
  93  19:31  Baneling  
  93  19:32  Zergling x2  
  93  19:33  Zergling x2, Hydralisk  
  93  19:34  Baneling  
  93  19:35  Baneling  
  93  19:38  Hydralisk  
  91  19:42  Hydralisk  
  91  19:45  Roach  
  96  19:50  Zergling x2  
  96  19:59  Infestor  
  98  20:02  Zergling x2  
  98  20:04  Zergling x2  
  92  20:10  Zergling x2  
  92  20:12  Zergling x2  
  93  20:17  Zergling x2  
  93  20:19  Zergling x2  
  94  20:28  Zergling x2  
  89  20:38  Roach  
  91  20:47  Hydralisk x2  
  91  20:48  Hydralisk  
  91  20:49  Hydralisk  
  60  21:16  Roach  
  60  21:17  Roach  
  60  21:18  Zergling x2  
  61  21:20  Zergling x2  
  61  21:21  Roach x2  
  62  21:45  Hydralisk x3  
  61  21:50  Baneling  
  57  21:59  Zergling x2  
Show
View Real Time Build Order
Export as new Build Order

SlushyStar Protoss - Winner!

Build Orders:  

Get SALT Encoding   

  12  0:02  Probe  
  13  0:14  Probe  
  14  0:22  Assimilator  
  14  0:26  Probe  
  15  0:42  Assimilator  
  15  0:52  Pylon  
  15  0:57  Pylon  
  15  1:06  Pylon  
  15  1:10  Probe  
  16  1:12  Pylon  
  16  1:22  Probe  
  17  1:35  Probe  
  17  1:38  Gateway  
  18  1:47  Probe  
  19  1:48  Forge  
  19  1:59  Probe  
  20  2:11  Probe  
  21  2:23  Probe  
  22  2:35  Probe  
  23  2:44  Zealot  
  23  2:47  Probe  
  26  2:59  Probe  
  27  3:24  Nexus  
  27  3:43  Zealot  
  27  3:48  Protoss Shields Level 1  
  29  4:03  Cybernetics Core  
  29  4:10  Zealot  
  31  4:38  Zealot, Probe  
  34  4:50  Probe  
  35  4:58  Pylon  
  35  5:02  Pylon, Probe  
  35  5:05  Zealot  
  35  5:06  Pylon  
  38  5:08  Pylon  
  38  5:14  Probe  
  38  5:15  Assimilator  
  38  5:19  Assimilator  
  39  5:24  Stargate  
  39  5:25  Stargate  
  39  5:26  Stargate, Probe  
  40  5:32  Zealot  
  42  5:38  Probe  
  43  5:55  Probe (Chrono Boost)  
  45  6:05  Probe (Chrono Boost)  
  45  6:07  Protoss Air Weapons Level 1  
  45  6:15  Probe  
  46  6:27  Probe  
  47  6:36  Pylon  
  47  6:37  Void Ray  
  47  6:39  Pylon, Void Ray, Probe  
  48  6:40  Void Ray  
  48  6:42  Pylon  
  60  6:51  Probe  
  61  7:03  Probe  
  62  7:13  Fleet Beacon  
  62  7:20  Stalker  
  64  7:28  Probe  
  65  7:38  Void Ray  
  65  7:39  Void Ray  
  65  7:40  Probe  
  65  7:41  Void Ray  
  70  7:50  Stalker  
  80  7:52  Probe  
  81  8:04  Probe  
  82  8:13  Flux Vanes  
  82  8:15  Protoss Air Armor Level 1  
  82  8:20  Stalker  
  82  8:24  Tempest  
  89  8:43  Pylon  
  89  8:46  Pylon  
  89  8:47  Pylon  
  89  8:49  Pylon  
  89  8:50  Pylon, Sentry  
  87  9:11  Void Ray  
  87  9:14  Void Ray  
  93  9:17  Sentry  
  97  9:48  Void Ray  
  97  9:51  Void Ray  
  72  10:26  Void Ray  
  72  10:27  Protoss Air Weapons Level 2  
  72  10:29  Void Ray  
  72  10:32  Void Ray  
  84  11:06  Void Ray  
  84  11:09  Void Ray  
  100  11:29  Mothership (Chrono Boost)  
  100  11:39  Void Ray  
  100  11:46  Void Ray  
  108  12:12  Void Ray x2  
  112  12:23  Void Ray  
  120  12:59  Void Ray  
  120  13:02  Void Ray  
  124  13:05  Void Ray  
  132  13:31  Pylon  
  132  13:32  Pylon  
  132  13:34  Pylon  
  132  13:36  Pylon, Void Ray  
  132  13:38  Pylon  
  132  13:39  Pylon  
  132  13:40  Pylon, Void Ray  
  132  13:42  Pylon  
  132  13:43  Void Ray  
  132  16:03  Void Ray  
  132  16:06  Void Ray  
  132  16:08  Void Ray  
  144  16:40  Void Ray  
  144  16:43  Void Ray  
  144  16:45  Void Ray  
  156  17:17  Void Ray  
  156  17:20  Void Ray  
  156  17:22  Void Ray  
  168  17:59  Void Ray  
  152  20:14  Void Ray  
  152  20:17  Void Ray  
  152  20:20  Void Ray  
  164  20:51  Void Ray  
  164  20:54  Void Ray  
  172  21:28  Void Ray  
  172  21:31  Void Ray  
Show
View Real Time Build Order
Export as new Build Order

Faust Terran - Winner!

Build Orders: Gas First Reaper Expand 

Get SALT Encoding   

  12  0:00  SCV  
  13  0:12  SCV  
  14  0:26  SCV  
  15  0:28  Supply Depot  
  15  0:31  Refinery  
  15  0:50  SCV  
  15  0:51  Barracks  
  16  1:02  SCV  
  17  1:14  SCV  
  18  1:32  Command Center  
  18  1:38  Reaper  
  19  1:40  SCV  
  20  1:48  Supply Depot  
  20  1:57  SCV  
  21  2:10  Reaper, Orbital Command  
  22  2:26  Barracks  
  22  2:35  Supply Depot  
  22  2:39  SCV  
  23  2:44  Reaper  
  24  2:51  SCV  
  25  3:03  SCV x2  
  27  3:15  Reaper  
  27  3:16  Reaper  
  29  3:33  Engineering Bay  
  29  3:37  SCV, Engineering Bay, Factory  
  31  3:43  Refinery  
  31  3:48  Reaper x2  
  33  3:49  SCV  
  33  3:52  Orbital Command  
  33  4:02  SCV  
  34  4:14  SCV  
  35  4:20  Reaper  
  33  4:45  SCV x2  
  33  4:52  Barracks  
  35  4:54  Barracks  
  35  4:57  SCV, Starport  
  36  5:06  Barracks Reactor  
  34  5:07  Barracks Tech Lab  
  34  5:10  Terran Infantry Weapons Level 1  
  34  5:13  SCV x2  
  36  5:16  Factory Tech Lab  
  36  5:25  SCV  
  36  5:26  SCV  
  38  5:32  Barracks  
  38  5:33  Barracks, Starport Reactor  
  38  5:36  Combat Shield  
  38  5:38  Marine  
  38  5:39  SCV  
  40  5:47  SCV  
  41  5:53  Refinery  
  41  5:54  Refinery  
  41  5:56  Marine  
  42  6:07  SCV  
  42  6:08  SCV  
  44  6:14  Marine  
  44  6:16  Marine x2  
  44  6:17  Command Center  
  47  6:19  SCV  
  47  6:20  SCV  
  47  6:23  Terran Infantry Armor Level 1, Supply Depot x2  
  47  6:25  Supply Depot  
  49  6:26  Marine, Supply Depot  
  49  6:30  Barracks Reactor  
  49  6:31  Barracks Reactor  
  49  6:32  Marine x2  
  52  6:33  Marine  
  52  6:34  Marine  
  54  6:44  Marine, Medivac  
  54  6:46  SCV  
  59  6:47  SCV  
  59  6:49  Marine  
  59  6:50  Marine  
  59  6:51  Marine  
  59  6:52  Marine  
  63  6:55  Stimpack  
  63  7:02  Marine  
  63  7:05  Siege Tank  
  63  7:07  Marine  
  65  7:11  Marine x4  
  65  7:13  Medivac  
  71  7:29  Marine x3  
  74  7:37  Siege Tank  
  74  7:38  Medivac  
  79  7:50  Marine x2  
  79  7:51  Marine  
  82  7:52  Barracks Reactor x2  
  82  7:54  Marine x3  
  85  8:06  Supply Depot x2  
  85  8:07  Supply Depot  
  85  8:09  Siege Tank  
  85  8:10  Supply Depot  
  88  8:19  Medivac x2  
  94  8:41  Siege Tank  
  94  8:49  Medivac x2  
  98  8:58  Marine x4  
  98  8:59  SCV  
  103  9:13  Siege Tank  
  103  9:14  Marine x2  
  103  9:15  Marine x2  
  110  9:29  Medivac x2  
  110  9:30  Marine x4  
  110  9:31  Marine  
  119  9:34  Orbital Command  
  119  9:36  SCV x2  
  121  9:48  SCV x2  
  105  10:00  SCV x2  
  102  10:26  Medivac  
  102  10:27  Marine x3, Medivac  
  102  10:28  Marine x7  
  111  10:29  Marine  
  111  10:30  SCV x3  
  120  10:42  SCV x2  
  122  10:50  Refinery  
  122  10:53  Command Center  
  122  10:56  Command Center  
  122  11:02  Supply Depot  
  122  11:04  Supply Depot  
  122  11:06  Supply Depot  
  122  11:07  Widow Mine  
  122  11:08  Supply Depot x2  
  122  11:10  Supply Depot  
  124  11:16  Refinery  
  124  11:21  Refinery  
  124  11:24  Refinery  
  99  11:41  Widow Mine  
  101  11:49  Factory  
  101  11:52  Supply Depot  
  101  11:54  Supply Depot  
  101  11:55  SCV  
  101  11:56  Marine x5, SCV x2, Supply Depot  
  101  11:57  Marine x4, Supply Depot  
  101  11:58  Medivac x2  
  117  12:05  Starport  
  117  12:06  Siege Tank  
  120  12:20  Marine  
  120  12:21  Marine x2  
  123  12:28  Bunker  
  123  12:29  Marine x2  
  123  12:47  Starport Reactor  
  123  12:50  Factory Tech Lab  
  123  13:00  Armory  
  123  13:04  Armory  
  123  13:12  SCV x3  
  126  13:18  Marine x3  
  126  13:19  Marine  
  130  13:22  Marine x5  
  130  13:24  SCV x3  
  138  13:32  Siege Tank x2  
  138  13:33  Medivac x2  
  138  13:34  Medivac x2  
  152  13:36  SCV x3  
  155  13:48  SCV  
  156  13:50  Marine x3  
  156  13:51  Marine x4  
  156  13:52  Marine x2  
  156  13:53  Marine x2  
  167  14:08  Marine x4  
  175  14:10  Marine  
  175  14:11  Marine x2  
  178  14:18  Siege Tank  
  178  14:19  Siege Tank  
  178  14:20  Medivac x3  
  178  14:21  Medivac  
  171  14:50  Siege Tank  
  171  14:51  Siege Tank  
  165  14:52  Marine  
  165  14:53  Marine x3  
  165  14:56  Medivac x4  
  176  15:13  Marine  
  176  15:14  Marine x8  
  185  15:23  Siege Tank x2  
  190  15:57  Terran Infantry Armor Level 2, Terran Infantry Weapons Level 2  
  186  16:08  Planetary Fortress  
  186  16:17  Orbital Command  
  146  18:07  Marine  
  146  18:08  Marine x3  
  146  18:10  Marine x3  
  146  18:11  Marine  
  122  18:13  Siege Tank  
  122  18:14  Siege Tank  
  122  18:16  Medivac x4  
  125  18:29  Terran Infantry Armor Level 3, Terran Infantry Weapons Level 3  
  125  18:32  Marine x5  
  125  18:33  Marine x6  
  133  18:46  Widow Mine x2  
  136  18:50  Marine x6  
  136  18:51  Marine x5  
  135  19:07  Widow Mine x2  
  135  19:08  Marine x8  
  135  19:09  Marine x3  
  150  19:25  Marine  
  150  19:26  Marine x8  
  150  19:27  Marine x2  
  150  19:28  Widow Mine  
  150  19:29  Widow Mine  
  165  19:43  Marine  
  170  19:54  Siege Tank x2  
  172  20:26  Siege Tank  
  172  20:27  Siege Tank  
  131  20:59  Siege Tank x2  
  137  21:07  Marine  
  137  21:08  Marine x6  
  144  21:17  Marine  
  144  21:18  Marine x3  
  145  21:25  Marine  
  145  21:26  Marine  
  145  21:31  Siege Tank x2  
  146  21:41  Marine x4  
  146  21:42  Marine  
  146  21:43  Marine x3  
  146  21:44  Marine x3  
  154  21:59  Marine x4  
  157  22:03  Siege Tank x2  
  163  22:27  Medivac x2  
  167  22:35  Siege Tank x2  
  173  23:05  Marine x7  
  177  23:07  Siege Tank x2  
Show
View Real Time Build Order
Export as new Build Order

Throwfordays Terran - Winner!

Build Orders:  

Get SALT Encoding   

  12  0:01  SCV  
  13  0:15  Supply Depot  
  13  0:18  SCV  
  14  0:30  SCV  
  15  0:43  SCV  
  16  0:55  SCV, Barracks  
  17  1:07  SCV  
  17  1:09  Refinery, Barracks  
  18  1:19  SCV  
  19  1:29  Refinery  
  19  1:31  SCV  
  20  1:43  SCV  
  21  1:55  SCV  
  21  1:59  Barracks Reactor  
  21  2:01  Supply Depot  
  22  2:06  Marine  
  23  2:16  Command Center  
  23  2:22  SCV  
  24  2:24  Marine  
  25  2:34  SCV  
  26  2:46  SCV, Engineering Bay  
  27  3:01  Marine  
  27  3:02  Marine  
  27  3:03  Marine  
  30  3:12  SCV  
  31  3:13  Engineering Bay  
  31  3:18  Supply Depot  
  31  3:28  SCV  
  32  3:35  Barracks Tech Lab  
  32  3:41  Marine  
  32  3:42  Marine  
  34  3:49  Orbital Command  
  34  3:51  Orbital Command  
  34  3:53  Terran Infantry Weapons Level 1  
  34  3:54  Terran Infantry Armor Level 1  
  34  4:00  Factory  
  34  4:09  Sensor Tower  
  34  4:18  SCV  
  36  4:24  SCV  
  36  4:31  SCV  
  37  4:36  SCV  
  38  4:43  SCV  
  39  4:47  Factory Tech Lab  
  39  4:48  SCV  
  40  4:53  Factory  
  40  4:55  SCV  
  40  4:58  Armory  
  41  5:00  SCV  
  41  5:01  Armory  
  42  5:07  SCV  
  42  5:12  SCV  
  44  5:19  SCV  
  45  5:22  Siege Tank  
  45  5:24  SCV  
  49  5:29  Infernal Pre-Igniter  
  49  5:31  SCV  
  50  5:36  SCV  
  50  5:37  Factory Reactor  
  51  5:43  SCV  
  51  5:49  SCV, Supply Depot  
  53  5:51  Supply Depot  
  53  5:52  Refinery  
  53  5:54  Refinery  
  53  6:01  SCV  
  54  6:10  Siege Tank, Command Center  
  57  6:13  Supply Depot, SCV  
  57  6:14  Supply Depot  
  58  6:25  SCV  
  59  6:27  SCV  
  60  6:37  SCV  
  62  6:40  SCV  
  62  6:43  Widow Mine  
  62  6:44  Widow Mine  
  66  6:48  Mag-Field Accelerator  
  66  6:57  Terran Vehicle Weapons Level 1  
  66  6:58  Terran Vehicle And Ship Armor Level 1  
  66  7:05  Widow Mine x2  
  66  7:06  Siege Tank  
  69  7:28  Command Center  
  69  7:45  Siege Tank  
  69  7:49  Planetary Fortress  
  72  8:00  SCV  
  72  8:04  SCV  
  74  8:12  SCV  
  75  8:16  SCV  
  76  8:24  SCV  
  77  8:27  Drilling Claws  
  77  8:28  SCV  
  78  8:36  SCV  
  78  8:39  Widow Mine x2  
  78  8:40  SCV  
  84  8:48  SCV  
  85  8:52  SCV  
  86  9:01  Widow Mine x2  
  87  9:13  SCV  
  88  9:17  Refinery  
  88  9:20  Refinery  
  88  9:22  Widow Mine x2  
  92  9:25  SCV  
  93  9:37  SCV  
  94  9:40  Planetary Fortress  
  94  9:43  Widow Mine  
  94  9:44  Widow Mine  
  98  9:46  Smart Servos  
  98  9:50  SCV  
  98  9:56  Marine  
  98  9:57  Marine  
  93  10:02  SCV  
  90  10:14  Marine x2  
  90  10:18  Marine  
  92  10:29  SCV  
  92  10:31  SCV  
  92  10:32  Marine x2  
  96  10:36  Marine  
  97  10:43  SCV  
  98  10:50  Marine x2  
  98  10:54  Marine  
  98  10:55  SCV  
  98  10:56  Factory  
  102  11:03  Factory  
  102  11:05  Terran Vehicle Weapons Level 2  
  102  11:06  Terran Vehicle And Ship Armor Level 2  
  102  11:07  SCV, Terran Infantry Weapons Level 2  
  102  11:08  Terran Infantry Armor Level 2, Factory  
  103  11:12  Marine  
  104  11:19  SCV x2  
  106  11:29  Marine  
  106  11:31  SCV x2  
  109  11:36  Combat Shield  
  109  11:50  SCV  
  109  11:53  SCV  
  111  11:57  Factory Tech Lab  
  111  11:58  Factory Tech Lab  
  111  11:59  Factory Tech Lab  
  111  12:02  SCV  
  112  12:14  SCV  
  113  12:20  Hellion  
  115  12:26  SCV  
  115  12:27  Supply Depot  
  116  12:38  Supply Depot  
  116  12:49  Hellion x2  
  116  12:50  Supply Depot  
  121  12:52  Cyclone  
  121  12:55  Stimpack  
  124  13:00  Cyclone x2  
  124  13:04  Refinery  
  130  13:05  Refinery  
  130  13:08  Missile Turret  
  130  13:10  SCV, Hellion, Missile Turret  
  130  13:11  Hellion, Cyclone  
  137  13:15  Missile Turret  
  137  13:21  Missile Turret  
  137  13:23  Hi-Sec Auto Tracking  
  137  13:24  Neosteel Armor, Cyclone  
  137  13:26  Supply Depot  
  140  13:27  Supply Depot  
  140  13:28  Supply Depot  
  140  13:47  Cyclone x2  
  140  13:48  Supply Depot, Hellion  
  148  13:49  Hellion, Cyclone  
  148  13:50  Supply Depot  
  148  13:52  Supply Depot  
  153  13:56  Cyclone  
  156  14:09  Hellion  
  158  14:20  Cyclone x2  
  158  14:21  Cyclone  
  167  14:26  SCV  
  167  14:28  Cyclone  
  167  14:29  SCV  
  172  14:38  SCV  
  172  14:41  SCV  
  168  14:52  Cyclone x2  
  168  14:53  Cyclone  
  165  15:00  Cyclone  
  152  15:24  Cyclone x2  
  152  15:25  Cyclone  
  141  15:32  Cyclone  
  133  15:56  Cyclone x2  
  139  15:57  Cyclone  
  141  16:04  Cyclone  
  137  16:28  Cyclone x2  
  137  16:29  Cyclone  
  131  16:37  Cyclone  
  134  17:00  Cyclone x2  
  140  17:01  Cyclone  
  143  17:09  Cyclone  
  143  17:11  Command Center  
  146  17:18  Command Center  
  146  17:32  Cyclone  
  122  19:08  Planetary Fortress  
  122  19:09  Planetary Fortress  
  122  19:12  Refinery  
  122  19:14  Refinery  
  122  19:33  Armory  
  122  19:39  Armory  
  119  20:55  Cyclone x3  
  119  20:56  Cyclone  
  125  21:02  Hellion x2  
  129  21:08  Refinery  
  129  21:24  Hellion x2  
  133  21:27  SCV, Cyclone x2  
  133  21:28  Cyclone x2  
  146  21:39  SCV  
  144  21:45  Hellion x2  
  145  21:59  Cyclone  
  145  22:00  Cyclone x3  
  157  22:06  Hellion x2  
  158  22:31  Cyclone  
  158  22:32  Cyclone x3  
  164  23:04  Cyclone x4  
  172  23:16  Hellion x2  
Tags
 
Add a new tag
Caveats
  • Supply blocks, unpowered buildings, or Contaminate may cause inaccurate times.
  • Supply counts are checked every 10 seconds.